 Dungeon Crawl Stone Soup version 0.30-a0-1043-g60ff8d5f49 (webtiles) character file.

Game seed: 8466485812882162589

502 cheesebisquit the Trooper (level 6, -3/61 HPs)
             Began as a Draconian Fire Elementalist on Apr 10, 2023.
             Killed by divine providence
             ... invoked by an orc priest
              (10 damage)
             ... on level 4 of the Dungeon.
             The game lasted 00:11:22 (4271 turns).

cheesebisquit the Trooper (DrFE)                    Turns: 4271, Time: 00:11:23

Health: -3/61      AC:  8    Str: 11    XL:     6   Next: 95%
Magic:  5/9        EV: 12    Int: 17    God:
Gold:   195        SH:  0    Dex: 11    Spells: 8/9 levels left

rFire   . . .      SeeInvis .    m - +2 whip (pain)
rCold   . . .      Faith    .    (no shield)
rNeg    . . .      Spirit   .    (body armour unavailable)
rPois   .          Reflect  .    (helmet restricted)
rElec   .          Rampage  .    (no cloak)
rCorr   .                        (no gloves)
Will    .....                    l - +1 pair of boots
Stlth   ++                       (no amulet)
HPRegen 0.30/turn                (no ring)
MPRegen 0.11/turn                (no ring)

@: no status effects
A: AC +6, unfitting armour, cold-blooded
a: no special abilities


You were on level 4 of the Dungeon.
You visited 1 branch of the dungeon, and saw 4 of its levels.
You also visited: Sewer.

You collected 195 gold pieces.

Inventory:

Hand Weapons
 g - a +0 mace
 m - a +2 whip of pain (weapon)
Missiles
 a - 6 poisoned darts
 q - 3 boomerangs of dispersal
Armour
 l - a +1 pair of boots (worn)
Scrolls
 i - a scroll of butterflies {unknown}
 j - a scroll of teleportation {unknown}
 k - a scroll of vulnerability {unknown}
 o - a scroll of torment {unknown}
Potions
 b - 2 potions of invisibility
 c - 3 potions of might
 d - a potion of resistance {unknown}
 e - 2 potions of haste
 f - 2 potions of degeneration
 h - 4 potions of curing
 n - a potion of cancellation {unknown}
 p - a potion of berserk rage {unknown}


   Skills:
 + Level 7.9 Fighting
 - Level 1.7 Dodging
 - Level 1.7 Stealth
 - Level 2.0 Spellcasting
 - Level 1.0 Conjurations
 - Level 3.0 Fire Magic


You had 8 spell levels left.
You knew the following spells:

 Your Spells              Type           Power      Damage    Failure   Level
a - Foxfire               Conj/Fire      32%        2x1d5     9%          1

Your spell library contained the following spells:

 Spells                   Type           Power      Damage    Failure   Level
 Scorch                   Fire           22%        2d5       9%          2
 Inner Flame              Hex/Fire       6%         N/A       30%         3
 Volatile Blastmotes      Fire/Tloc      12%        2d11      30%         3
 Flame Wave               Conj/Fire      8%         2d5       63%         4


Dungeon Overview and Level Annotations

Branches:
Dungeon (4/15)              Sewer (visited)
 Temple: D:4-7

Altars:
Ashenzari
Uskayaw

Annotations:
D:3 3 runed translucent doors, cheesebisquit's ghost, novice MfHs
D:4 Blork the orc


Innate Abilities, Weirdness & Mutations

Your plain brown scales are hard. (AC +6)
You cannot fit into any form of body armour.
You are cold-blooded and may be slowed by cold attacks.


Message History

Beogh smites you!
An orc priest comes into view. It is wielding a +0 club.
The foxfire hits the orc.
The orc is moderately wounded.
The foxfire hits the orc.
The orc is severely wounded.
You conjure some foxfire!
The foxfire hits the orc.
You kill the orc!
The foxfire hits the orc priest.
The orc priest is lightly wounded.
You conjure some foxfire!
The foxfire hits the orc priest.
The orc priest is moderately wounded.
The foxfire hits the orc priest.
The orc priest is heavily wounded.
You conjure some foxfire!
The orc priest invokes the aid of Beogh against you.
Beogh smites you!
You hear a shout!
The foxfire hits the orc priest.
The orc priest is severely wounded.
The foxfire hits the orc priest.
The orc priest is almost dead.
You conjure some foxfire!
The orc priest looks encouraged for a moment.
Blork the orc comes into view.
He is wielding a +0 scimitar.
The foxfire hits the orc priest.
The orc priest is almost dead.
The foxfire hits the orc priest but does no damage.
The orc priest is almost dead.
The orc priest casts a cantrip, but nothing happens.
The orc priest invokes the aid of Beogh against you.
Beogh smites you!
The orc priest invokes the aid of Beogh against you.
Beogh smites you!
* * * LOW HITPOINT WARNING * * *
The orc priest invokes the aid of Beogh against you.
Beogh smites you!
You die...

..## #...... ...#
#.....###+#..#
+.....+.#.#o.#
#.....#.#.#..#
#.....#.#.#oo#
#.....#.#.#..######
#.....#.#.#.§......
#.....#.#.#@..#####
##>....†...........
#.####.#.#...#####
#.# #.#.#...#
#.####.#.#...#
.######......#.#...#
.............#.#<..#
#######......#.#..##
#.#....#.#..#


You could see Blork the orc and 2 orc priests.

Vanquished Creatures
  Grinder (D:3)
  Pargi (Sewer)
  Jessica (D:3)
  9 adders
  A worm (D:2)
  2 dart slugs
  7 orcs
  3 ball pythons (D:2)
  6 endoplasms
  5 giant cockroaches
  4 goblins
  4 hobgoblins
  7 jackals
  11 kobolds
  4 quokkas
  9 bats
  5 frilled lizards
  6 rats
86 creatures vanquished.

Vanquished Creatures (others)
  262 foxfires
262 creatures vanquished.

Grand Total: 348 creatures vanquished

Notes
Turn   | Place    | Note
-------+----------+-------------------------------------------
     0 | D:1      | cheesebisquit the Draconian Fire Elementalist began the
                  | quest for the Orb.
     0 | D:1      | Reached XP level 1. HP: 14/14 MP: 3/3
   122 | D:1      | Reached skill level 1 in Fighting
   141 | D:1      | Found a faded altar of an unknown god.
   248 | D:1      | Reached XP level 2. HP: 8/24 MP: 1/5
   327 | D:1      | Reached skill level 2 in Fighting
  1102 | D:2      | Reached skill level 3 in Fighting
  1102 | D:2      | Reached XP level 3. HP: 31/31 MP: 1/6
  1686 | D:2      | Reached skill level 4 in Fighting
  1756 | D:2      | Reached XP level 4. HP: 40/40 MP: 4/7
  2521 | D:3      | Noticed Jessica
  2526 | D:3      | Killed Jessica
  2644 | D:3      | Reached skill level 5 in Fighting
  2682 | D:3      | Found a glowing drain.
  2711 | D:3      | Reached XP level 5. HP: 16/48 MP: 0/8
  2758 | Sewer    | Entered a sewer
  2957 | Sewer    | Noticed Pargi
  2971 | Sewer    | Killed Pargi
  2972 | Sewer    | Reached skill level 6 in Fighting
  3067 | Sewer    | Reached XP level 6. HP: 58/58 MP: 5/9
  3283 | D:3      | Noticed Grinder
  3296 | D:3      | Paralysed by Grinder for 2 turns
  3297 | D:3      | Killed Grinder
  3298 | D:3      | Reached skill level 7 in Fighting
  3436 | D:3      | Found a hide-covered altar of Uskayaw.
  3816 | D:3      | Found a runed translucent gate.
  3817 | D:3      | Found a runed translucent gate.
  3817 | D:3      | Found a runed translucent gate.
  3819 | D:3      | Noticed cheesebisquit's ghost (novice MfHs)
  3963 | D:3      | Found a broken altar of Ashenzari.
  4269 | D:4      | Noticed Blork the orc
  4271 | D:4      | Killed from afar by an orc priest

Illustrated notes

Levels and vault maps discovered:
D:1:      dpeg_arrival_stonehenge_12_columns, layout_basic,
          hellmonk_ecumenical_altar_crossroads, kennysheep_another_room,
          grunt_decor_resistance
D:2:      minmay_door_path, layout_basic, bh_walls_and_bars
D:3:      minmay_recursive_quarters, layout_basic,
          lemuel_coloured_pillars_altar, mainiacjoe_overflow_six_doors_small,
          ebering_ghost_rock_garden, gup_sewer_entry_glass, uniq_grinder,
          uniq_jessica
D:4:      layout_basic, elyvilon_altar_1, minmay_joined_circles,
          uniq_blork_the_orc, uniq_duvessa, uniq_robin

Skill      XL: |  1  2  3  4  5  6 |
---------------+-------------------+-----
Fighting       | 1 3 4 5 6 7 |  7.9
Dodging        | |  1.7
Stealth        | |  1.7
Spellcasting   | |  2.0
Conjurations   | |  1.0
Fire Magic     | |  3.0

Action                     |  1- 3 |  4- 6 || total
---------------------------+-------+-------++-------
  Melee: Unarmed           |    32 |       ||    32
         Tailslap          |     4 |     2 ||     6
         Mace              |    14 |    20 ||    34
         Whip              |       |    29 ||    29
   Cast: Foxfire           |    59 |    89 ||   148
    Use: Potion            |     1 |     1 ||     2
         Scroll            |       |     5 ||     5
 Armour: Skin              |    27 |    41 ||    68
  Dodge: Dodged            |    43 |    79 ||   122

Table legend: (Time is in decaauts)
 A = Elapsed time spent in this place.
 B = Non-inter-level travel time spent in this place.
 C = Inter-level travel time spent in this place.
 D = Time resting spent in this place.
 E = Time spent auto-exploring this place.
 F = Levels seen in this place.
 G = Mean time per level.
                   A        B        C        D        E       F      G
               +--------+--------+--------+--------+--------+-----+--------+
         Total |   4288 |   4064 |    224 |     35 |   3400 |   5 |  857.6 |
       Dungeon |   3874 |   3650 |    224 |     35 |   3066 |   4 |  968.5 |
         Sewer |    413 |    413 |      0 |      0 |    334 |   1 |  413.0 |
               +--------+--------+--------+--------+--------+-----+--------+

Top non-repeatable levels by time:
     D:3: 1423 daAuts
     D:2: 1401 daAuts
     D:1: 896 daAuts
   Sewer: 413 daAuts
     D:4: 153 daAuts
